 Dungeon Sprint DCSS version 0.19.5 (webtiles) character file.

1826 KristoblXynda the Protected (level 8, -8/68 HPs)
             Began as a Deep Dwarf Fighter on May 9, 2017.
             Was a High Priest of Makhleb.
             Mangled by an emperor scorpion (16 damage)
             ... summoned by a greater mummy
             ... in the Dungeon (Sprint V: "Ziggurat Sprint").
             The game lasted 00:03:50 (564 turns).

KristoblXynda the Protected (Deep Dwarf Fighter)     Turns: 564, Time: 00:03:51

Health: -8/68      AC: 27    Str: 32    XL:     8   Next: 86%
Magic:  8/8        EV:  6    Int: 11    God:    Makhleb [*****.]
Gold:   0          SH: 18    Dex: 19    Spells: 0 memorised, 7 levels left

rFire  + . .     SeeInvis .     b - +5 broad axe
rCold  + . .     Gourm    +     m - +5 gold dragon scales
rNeg   + . .     Faith    .     o - +3 shield
rPois  +         Spirit   .     (no helmet)
rElec  +         Reflect  .     (no cloak)
rCorr  .         Harm     .     a - +2 pair of gloves {Dex+3}
MR     +....     NoTele   +     (no boots)
Stlth  ..........               E - amulet of Xom's Malicious Joy {Gourm Fragile rElec rN+ Dex+4}
                                J - +6 ring of strength
                                I - +6 ring of strength

@: weakened, non-regenerating, drained
A: damage resistance, recharge devices, sense surroundings 1, slow regeneration
3
a: Device Recharging, Minor Destruction, Lesser Servant of Makhleb, Major
Destruction, Greater Servant of Makhleb, Renounce Religion


You were in the Dungeon.
You worshipped Makhleb.
Makhleb was extremely pleased with you.
You were not hungry.

You visited 1 branch

Inventory:

Hand Weapons
 b - a +5 broad axe (weapon)
Armour
 a - a +2 pair of gloves of dexterity (worn)
 m - +5 gold dragon scales (worn)
 n - a +3 large shield
 o - a +3 shield (worn)
Jewellery
 E - the amulet of Xom's Malicious Joy (around neck) {Gourm Fragile rElec rN+ Dex+4}
   (You found it in the Dungeon)

   [amulet of the gourmand]

   It allows you to eat raw meat even when not hungry.
   It affects your dexterity (+4).
   It insulates you from electricity.
   It protects you from negative energy.
   It will be destroyed if unequipped.
 I - a +6 ring of strength (left hand)
 J - a +6 ring of strength (right hand)
Wands
 e - a wand of heal wounds (5/9)
 K - a wand of disintegration (7/24)
 L - a wand of iceblast (5/15)
 M - a wand of lightning (5/15)
 N - a wand of acid (5/15)
Scrolls
 l - 4 scrolls of blinking
 u - 4 scrolls of amnesia
 v - 3 scrolls of recharging
 w - 7 scrolls of fog
 x - a scroll of holy word
 y - 5 scrolls of identify
 z - 5 scrolls of remove curse
 A - 2 scrolls of fear
Potions
 d - 6 potions of might
 g - 10 potions of curing
 h - 8 potions of heal wounds
 i - 6 potions of haste
 j - 7 potions of magic
 k - 3 potions of berserk rage
 p - 2 potions of brilliance
 q - 2 potions of invisibility
 r - 4 potions of resistance
 t - 5 potions of agility
Miscellaneous
 c - a sack of spiders
 s - a lamp of fire (inert)
 D - a disc of storms
Comestibles
 f - 5 bread rations
 B - 41 fruits
 C - 4 meat rations


   Skills:
 - Level 2.6(2.5) Fighting
 + Level 12.5(12.4) Axes
 + Level 12.8(12.7) Armour
 + Level 12.7(12.6) Shields


You had 7 spell levels left.
You didn't know any spells.

Dungeon Overview and Level Annotations

Branches:
Dungeon (1/1)

Altars:
Ashenzari
Cheibriados
Dithmenos
Elyvilon
Fedhas
Gozag
Hepliaklqana
Kikubaaqudgha
Makhleb
Nemelex Xobeh
Okawaru
Qazlal
Ru
Sif Muna
Trog
Uskayaw
Vehumet
Xom
Yredelemnul
Zin
The Shining One
Beogh
Jiyva
Lugonu


Innate Abilities, Weirdness & Mutations

You are resistant to damage.
You can recharge devices by infusing magical energy.
You passively map a small area around you.
You do not regenerate.


Message History

The wight hits you but does no damage.
The orange demon stings you but does no damage.
The orange demon hits you.
You feel your attacks grow feeble. The emperor scorpion stings you!
The emperor scorpion claws you but does no damage. x2
The freezing wraith hits you. The freezing wraith freezes you! You resist.
* * * LOW HITPOINT WARNING * * *
The freezing wraith hits you but does no damage.
You slash the mummy priest!
The mummy priest is severely damaged.
You hit the emperor scorpion but do no damage.
You hit the emperor scorpion. You hit the sun demon but do no damage.
You slash the freezing wraith! You closely miss the orange demon.
The sun demon hits you.
* * * LOW HITPOINT WARNING * * *
You are engulfed in flames.
You resist.
* * * LOW HITPOINT WARNING * * *
You block the wight's attack. The emperor scorpion stings you!
You die...

,▓........▓........▓
▓▓▓▓▓▓▓▓▓▓▓▓▓▓▓▓▓▓▓
, , ▓..8©8..▓ ,,
▓..?.)..▓ , ,, ,
▓...)|..▓ ,* ,,
,,▓...Ms..▓ ,
,▓.44Mzs.▓ * ,
▓.44s3M.▓ * , ,
▓...@Ws.▓ ,,
▓.▓.Ms▓.▓ ,
▓.......▓ ▓▓▓▓▓▓▓▓▓
,* 8 ,* , *,, , ,,*,
, , , ,,


You could see a greater mummy, 5 emperor scorpions, 2 mummy priests, a sun
demon, an orange demon, a rust devil, a freezing wraith, 2 red devils, a mummy
and a wight.

Vanquished Creatures
  4 jumping spiders (D)
  2 tarantellas (D)
  3 insubstantial wisps (D)
  An eye of draining (D)
  3 scorpions (D)
  2 orc wizards (D)
  A mummy (D)
  An ooze (D)
  2 orcs (D)
  A leopard gecko skeleton (D)
20 creatures vanquished.

Notes
Turn   | Place    | Note
-------+----------+-------------------------------------------
     0 | D        | KristoblXynda the Deep Dwarf Fighter began the quest for the Orb.
     0 | D        | Reached XP level 1. HP: 20/20 MP: 1/1
     3 | D        | Found a blossoming altar of Fedhas.
     7 | D        | Found a deep blue altar of Sif Muna.
     7 | D        | Found a sacrificial altar of Ru.
     7 | D        | Found a bloodstained altar of Trog.
     7 | D        | Found a stormy altar of Qazlal.
     7 | D        | Found an iron altar of Okawaru.
     7 | D        | Found a sparkling altar of Nemelex Xobeh.
     9 | D        | Found an ancient bone altar of Kikubaaqudgha.
     9 | D        | Found a viscous altar of Jiyva.
     9 | D        | Found a corrupted altar of Lugonu.
     9 | D        | Found a hazy altar of Hepliaklqana.
     9 | D        | Found a burning altar of Makhleb.
     9 | D        | Found an opulent altar of Gozag.
    80 | D        | Became a worshipper of Makhleb the Destroyer
    86 | D        | Entered arena 1.
    86 | D        | Noticed an eye of draining
    87 | D        | Reached skill level 5 in Axes
    87 | D        | Reached skill level 5 in Armour
    87 | D        | Reached skill level 5 in Shields
    87 | D        | Reached XP level 2. HP: 27/27 MP: 0/2
    91 | D        | Killed an eye of draining
    91 | D        | Reached XP level 3. HP: 33/33 MP: 0/3
    91 | D        | Reached XP level 4. HP: 40/40 MP: 0/4
   131 | D        | Entered arena 2.
   131 | D        | Noticed an insubstantial wisp
   131 | D        | Noticed an insubstantial wisp
   131 | D        | Noticed an insubstantial wisp
   143 | D        | Killed an insubstantial wisp
   143 | D        | Reached * piety under Makhleb
   143 | D        | Reached XP level 5. HP: 26/46 MP: 5/5
   147 | D        | Killed an insubstantial wisp
   147 | D        | Reached XP level 6. HP: 42/55 MP: 6/6
   151 | D        | Killed an insubstantial wisp
   151 | D        | Reached skill level 10 in Armour
   425 | D        | Entered arena 3.
   428 | D        | Reached ** piety under Makhleb
   428 | D        | Reached skill level 10 in Shields
   439 | D        | Identified the Grimoire of Scorching Shape Shifting (You found it in the Dungeon)
   439 | D        | Entered arena 4.
   439 | D        | Noticed a tarantella
   439 | D        | Noticed a jumping spider
   444 | D        | Reached skill level 10 in Axes
   444 | D        | Reached XP level 7. HP: 50/61 MP: 7/7
   445 | D        | Reached *** piety under Makhleb
   446 | D        | Killed a tarantella
   449 | D        | Killed a jumping spider
   455 | D        | Entered arena 5.
   455 | D        | Noticed a jumping spider
   455 | D        | Noticed a jumping spider
   455 | D        | Noticed a jumping spider
   455 | D        | Noticed a tarantella
   462 | D        | Reached XP level 8. HP: 68/68 MP: 8/8
   464 | D        | Killed a jumping spider
   464 | D        | Reached **** piety under Makhleb
   480 | D        | Killed a jumping spider
   483 | D        | Killed a jumping spider
   487 | D        | Got the amulet of Xom's Malicious Joy {Gourm Fragile rElec rN+ Dex+4}
   553 | D        | Entered arena 6.
   553 | D        | Noticed a greater mummy
   553 | D        | Noticed a mummy priest
   553 | D        | Noticed a mummy priest
   556 | D        | Noticed a freezing wraith
   558 | D        | Reached ***** piety under Makhleb
   559 | D        | Noticed an orange demon
   559 | D        | Noticed a sun demon
   560 | D        | Noticed an emperor scorpion
   561 | D        | Noticed an emperor scorpion
   561 | D        | Noticed an emperor scorpion
   561 | D        | Noticed an emperor scorpion
   561 | D        | Noticed an emperor scorpion
   561 | D        | Noticed a rust devil
   562 | D        | Noticed a red devil
   562 | D        | Noticed a red devil
   564 | D        | Mangled by an emperor scorpion

Skill      XL: |  1  2  3  4  5  6  7  8 |
---------------+-------------------------+-----
Axes           | 5 6 8 9 10 11 12 | 12.5
Armour         | 5 7 8 9 10 11 12 | 12.8
Shields        | 5 7 8 9 10 11 12 | 12.7
Fighting       | |  2.6

Action                   |  1- 3 |  4- 6 |  7- 9 || total
-------------------------+-------+-------+-------++-------
Melee: Broad axe         |     4 |    28 |    32 ||    64
Evoke: Lamp of fire      |       |       |     1 ||     1
  Use: Potion            |     1 |       |     2 ||     3
  Eat: Fruit             |       |       |     1 ||     1
Armor: Gold dragon scale |     1 |    13 |    68 ||    82
Dodge: Dodged            |       |     2 |    14 ||    16
Block: Shield            |     1 |    21 |    63 ||    85
